AoeStats
← 玩印度的哥们硬不起来

Arena

509305275Analyzed
2v2 RM · 6d ago on Sep 26, 2026· 33m 58s· 4 players
Game mode
Random Map
Map size
Medium (4 player)
Population
200
Speed
Normal
Resources
Standard
Victory
Conquest
Starting age
Dark Age
Ending age
Imperial Age
RankedLock teamsTeams togetherTeam positionsShared explorationLock speedFull tech treeHidden civsTurbo modeCheats
Victory
Defeat
🇪🇸 Teutons · Spain
1548
+11
1448
+16
🇩🇪 Danes · Germany
1456
-14
🇧🇬 Vietnamese · Bulgaria
1429
-13
Just a Hater
10:21 Feudal Age
15:20 Double-Bit Axe
17:46 Castle Age
16:01 Loom
16:13 Horse Collar
19:26 Bow Saw
25:19 Fletching
26:33 Crossbowman
28:23 Bodkin Arrow
28:28 Padded Archer Armor
29:46 Ballistics
31:03 Wheelbarrow
31:42 Scale Mail Armor
32:55 Hand Cart
Rabbit
12:02 Feudal Age
16:00 Castle Age
17:44 Double-Bit Axe
19:13 Bow Saw
22:50 Arson
23:23 Scale Mail Armor
25:13 Wheelbarrow
25:32 Horse Collar
26:12 Forging
26:55 Heavy Plow
27:52 Chain Mail Armor
29:19 Fletching
29:30 Padded Archer Armor
30:36 Bodkin Arrow
31:56 Ballistics
34:02 Husbandry
34:13 Bloodlines
winstonx9
8:52 Feudal Age
7:52 Loom
9:23 Double-Bit Axe
10:44 Fletching
14:16 Horse Collar
19:43 Wheelbarrow
21:50 Castle Age
21:51 Stone Mining
22:17 Gold Mining
23:01 Bodkin Arrow
23:20 Bow Saw
23:39 Guard Tower
24:40 Ballistics
25:22 Heavy Plow
32:19 Imperial Age
29:50 Town Watch
32:11 Scale Mail Armor
33:19 Chain Mail Armor
33:44 Keep
34:26 Chemistry
34:31 Plate Mail Armor
玩印度的哥们硬不起来
3:21 Loom
11:21 Feudal Age
15:14 Castle Age
13:14 Double-Bit Axe
16:29 Horse Collar
17:46 Bow Saw
26:20 Heavy Plow
32:37 Imperial Age
30:42 Wheelbarrow
30:49 Wheelbarrow
30:59 Gold Mining
31:03 Stone Mining
32:00 Scale Barding Armor
33:27 Chain Barding Armor
32:51 Elite Cataphract
33:49 Husbandry
33:34 Elite Skirmisher
Connection lost

Rejoining the realm…

Still unreachable

The connection could not be restored.

Session expired

The server has moved on; the page needs a fresh start.